 Dungeon Crawl Stone Soup version 0.29.1-12-g30fa7ad0bf (webtiles) character file.

Game seed: 1953307017332520332

20 Radix the Stinger (level 2, 0/22 HPs)
             Began as a Naga Venom Mage on Dec 29, 2022.
             Slain by an adder (2 damage)
             ... on level 2 of the Dungeon.
             The game lasted 00:04:10 (895 turns).

Radix the Stinger (Naga Venom Mage)                  Turns: 895, Time: 00:04:11

Health: 0/22       AC:  1    Str: 10    XL:     2   Next: 79%
Magic:  1/5        EV:  9    Int: 15    God:
Gold:   31         SH:  0    Dex: 11    Spells: 5/6 levels left

rFire   . . .      SeeInvis +   h - +0 whip
rCold   . . .      Faith    .   (no shield)
rNeg    . . .      Spirit   .   a - +0 robe
rPois   +          Reflect  .   (no helmet)
rElec   .          Harm     .   (no cloak)
rCorr   .          Rampage  .   (no gloves)
Will    .....                   (no barding)
Stlth   ++........              (no amulet)
HPRegen 0.07/turn               (no ring)
MPRegen 0.09/turn               (no ring)

@: very slow
A: AC +0, large, see invisible, deformed body, poison resistance, slowness 2,
spit poison 1, naga tail 1
a: Spit Poison


You were on level 2 of the Dungeon.
You visited 1 branch of the dungeon, and saw 2 of its levels.

You collected 31 gold pieces.

Inventory:

Hand Weapons
 h - a +0 whip (weapon)
Armour
 a - a +0 robe (worn)
 e - a +0 leather armour
Scrolls
 c - a scroll of fear {unknown}
 d - a scroll of silence {unknown}
 f - a scroll of teleportation {unknown}
 g - 2 scrolls of torment {unknown}
 j - a scroll of identify {unknown}
Potions
 b - a potion of magic
 i - 2 potions of degeneration {unknown}


   Skills:
 - Level 1.5 Dodging
 - Level 3.0 Stealth
 + Level 2.5 Spellcasting
 - Level 1.0 Transmutations
 + Level 4.7 Poison Magic


You had 5 spell levels left.
You knew the following spells:

 Your Spells              Type           Power      Damage    Failure   Level
a - Sting                 Tmut/Pois      40%        1d5       7%          1

Your spell library contained the following spells:

 Spells                   Type           Power      Damage    Failure   Level
 Poisonous Vapours        Pois/Air       16%        N/A       12%         2
 Olgreb's Toxic Radiance  Pois           16%        N/A       30%         4
 Blink                    Tloc           2%         N/A       32%         2
 Mephitic Cloud           Conj/Pois/Air  6%         N/A       32%         3
 Lesser Beckoning         Tloc           1%         N/A       54%         3
 Manifold Assault         Tloc           1%         N/A       99%         5


Dungeon Overview and Level Annotations

Branches:
Dungeon (2/15)

Altars:


Innate Abilities, Weirdness & Mutations

Your serpentine skin is tough. (AC +0)
You have supernaturally acute eyesight. (SInv)
Armour fits poorly on your strangely shaped body.
Your system is resistant to poisons. (rPois)
You cover ground very slowly.
You can spit poison.
You have a snake-like lower body.


Message History

The sting hits the adder but does no damage.
The adder is poisoned.
The adder is lightly wounded.
The adder closely misses you.
You closely miss the adder.
The adder is moderately wounded.
The adder barely misses you. The adder closely misses you.
You hit the adder but do no damage.
The adder is heavily wounded.
The adder bites you.
You barely miss the adder.
The adder is moderately wounded.
The adder bites you. The adder closely misses you.
You closely miss the adder.
The adder is moderately wounded.
The adder closely misses you.
You completely miss the adder.
The adder is heavily wounded.
The adder bites you. The adder misses you.
You miss the adder.
The adder is moderately wounded.
The adder looks more healthy.
The adder completely misses you.
Aiming: Sting (safe; 7% risk of failure)
Press: ? - help, Q - select action, (/) - cycle Shift-Dir - straight line, f/p - adder
Aim: an adder (moderately wounded, 53% to hit)
The sting hits the adder.
The adder is poisoned.
The adder is heavily wounded.
The adder bites you.
You closely miss the adder.
The adder is heavily wounded.
The adder barely misses you. The adder bites you.
* * * LOW HITPOINT WARNING * * *
You hit the adder.
The adder is severely wounded.
The adder bites you.
* * * LOW HITPOINT WARNING * * *
You hit the adder but do no damage.
The adder is almost dead.
The adder closely misses you. The adder bites you.
You die...

........#
.#
........#
#.#
........#
..
.$......#
#.#
........#
..####
.......†#
.....#
.......w#
.....# #S#
....<# #@#
.....# .#
#.# .....#
#.# #.#
#>...###.#
#.#
#######..#
#.## ##
#...# #..##
.#####...#
##..#
.........#
##.#
#####....##
#.###


You could see an adder (poisoned) and a dart slug.

Vanquished Creatures
  An adder (D:2)
  A ball python (D:1)
  2 goblins (D:1)
  A hobgoblin (D:2)
  3 kobolds (D:1)
  A bat (D:2)
  A frilled lizard (D:1)
  2 rats (D:1)
12 creatures vanquished.

Notes
Turn   | Place    | Note
-------+----------+-------------------------------------------
     0 | D:1      | Radix the Naga Venom Mage began the quest for the Orb.
     0 | D:1      | Reached XP level 1. HP: 15/15 MP: 3/3
   495 | D:1      | Reached XP level 2. HP: 22/22 MP: 3/5
   895 | D:2      | Slain by an adder

Illustrated notes

Levels and vault maps discovered:
D:1:      minmay_arrival_open_corners, layout_basic, kennysheep_pointless_box,
          minivault_25
D:2:      layout_rooms

Action                   || total
-------------------------++-------
Melee: Whip              ||    19
 Cast: Sting             ||    17
Armor: Robe              ||     3
Dodge: Dodged            ||    15
